AoeStats
← Coyunto90

Golden Pit

507727519Analyzed
1v1 RM · 13d ago on Sep 19, 2026· 80m 7s· 2 players
Game mode
Random Map
Map size
Tiny (2 player)
Population
200
Speed
Normal
Resources
Standard
Victory
Conquest
Starting age
Dark Age
Ending age
Imperial Age
RankedLock teamsTeams togetherTeam positionsShared explorationLock speedFull tech treeHidden civsTurbo modeCheats
Victory
Defeat
🇪🇸 Vietnamese · Spain
1151
+15
🇪🇸 Cumans · Spain
1121
-15
Coyunto90
7:45 Loom
10:12 Feudal Age
10:53 Double-Bit Axe
20:10 Fletching
25:28 Castle Age
24:13 Bloodlines
24:24 Scale Barding Armor
24:10 Horse Collar
25:55 Padded Archer Armor
25:43 Light Cavalry
26:41 Bodkin Arrow
26:57 Town Watch
29:16 Forging
29:39 Elite Skirmisher
31:50 Chain Barding Armor
34:44 Ballistics
35:02 Heavy Plow
37:01 Wheelbarrow
36:39 Capped Ram
40:42 Imperial Age
38:48 Wheelbarrow
39:34 Leather Archer Armor
42:08 Iron Casting
41:57 Capped Ram
44:40 Gold Mining
46:54 Chemistry
46:22 Steppe Husbandry
46:13 Pikeman
47:29 Murder Holes
47:59 Scale Mail Armor
48:17 Squires
49:40 Blast Furnace
49:26 Gold Shaft Mining
49:17 Chain Mail Armor
50:56 Conscription
51:08 Hussar
53:31 Plate Mail Armor
56:29 Bow Saw
56:51 Crop Rotation
56:12 Halberdier
59:46 Ring Archer Armor
64:11 Plate Barding Armor
64:11 Hand Cart
66:27 Onager
71:50 Masonry
76:11 Capped Ram
77:34 Siege Ram
alvarmartinez12
7:00 Loom
10:02 Feudal Age
10:27 Double-Bit Axe
10:18 Man-at-Arms
17:31 Town Watch
18:24 Wheelbarrow
18:11 Fletching
22:50 Castle Age
21:21 Padded Archer Armor
23:42 Thumb Ring
22:58 Crossbowman
23:54 Thumb Ring
23:53 Bodkin Arrow
24:37 Bow Saw
24:57 Town Watch
35:49 Horse Collar
38:21 Ballistics
39:38 Hand Cart
44:25 Imperial Age
44:33 Imperial Age
42:28 Scale Barding Armor
42:33 Forging
42:54 Husbandry
43:53 Chain Barding Armor
43:58 Bloodlines
44:57 Heavy Plow
46:23 Plate Barding Armor
49:23 Paper Money
50:23 Iron Casting
49:56 Elite Battle Elephant
53:06 Elite Rattan Archer
54:12 Leather Archer Armor
56:55 Paper Money
58:33 Chemistry
57:54 Light Cavalry
62:53 Ring Archer Armor
62:23 Bracer
65:08 Siege Engineers
68:31 Two-Man Saw
67:22 Gold Mining
67:23 Stone Mining
68:05 Crop Rotation
67:39 Chatras
69:41 Hoardings
69:06 Murder Holes
Connection lost

Rejoining the realm…

Still unreachable

The connection could not be restored.

Session expired

The server has moved on; the page needs a fresh start.